 Dungeon Crawl Stone Soup version 0.18-a0-1774-gce1f7b6 (webtiles) character file.

303 dobroeutro the Shield-Bearer (level 6, -7/39 HPs)
             Began as a Gargoyle Fighter on Apr 16, 2016.
             Mangled by an ogre
             ... wielding a +0 giant spiked club
              (18 damage)
             ... on level 4 of the Dungeon.
             The game lasted 00:05:02 (2532 turns).

dobroeutro the Shield-Bearer (Gargoyle Fighter)     Turns: 2532, Time: 00:05:03

Health: -7/39      AC: 16    Str: 22    XL:     6   Next: 38%
Magic:  6/6        EV:  7    Int:  8    God:
Gold:   117        SH:  9    Dex:  9    Spells: 0 memorised, 5 levels left

rFire  . . .     SeeInvis .     a - +0 flail
rCold  . . .     Gourm    .     b - +0 scale mail
rNeg   + . .     Faith    .     c - +0 shield
rPois  ∞         Spirit   .     j - +2 helmet
rElec  +         Dismiss  .     (no cloak)
rCorr  .         Reflect  .     x - +0 pair of gloves
SustAt .         Harm     .     (no boots)
MR     .....                    (no amulet)
Stlth  ..........               (no ring)
                                (no ring)

@: not resistant to hostile enchantments, extremely unstealthy
A: negative energy resistance 1, electricity resistance, unbreathing,
petrification resistance, rot immunity, AC +4
a: no special abilities


You were on level 4 of the Dungeon.
You were hungry.

You visited 1 branch of the dungeon, and saw 4 of its levels.

You collected 117 gold pieces.

Inventory:

Hand Weapons
 a - a +0 flail (weapon)
Armour
 b - a +0 scale mail (worn)
 c - a +0 shield (worn)
 j - a +2 helmet (worn)
 x - a +0 pair of gloves (worn)
Jewellery
 k - an uncursed amulet of dismissal
Wands
 q - a wand of lightning (6/15)
Scrolls
 e - 6 scrolls of identify {unknown}
 h - 2 scrolls of magic mapping {unknown}
 i - 3 scrolls of remove curse {unknown}
 l - 2 scrolls of enchant weapon {unknown}
 m - 3 scrolls of teleportation {unknown}
 r - a scroll of immolation {unknown}
 s - a scroll of enchant armour {unknown}
 t - a scroll of random uselessness {unknown}
 u - a scroll of amnesia {unknown}
 v - a scroll of fog {unknown}
 w - a scroll of recharging {unknown}
Potions
 d - a potion of might
 g - a potion of haste {unknown}
 n - a potion of degeneration {unknown}
 p - a potion of flight {unknown}
Comestibles
 f - 2 bread rations
 o - 2 meat rations
 z - a chunk of flesh


   Skills:
 + Level 4.6 Fighting
 + Level 3.5 Maces & Flails
 + Level 4.8 Armour
 + Level 4.9 Shields


You had 5 spell levels left.
You didn't know any spells.

Dungeon Overview and Level Annotations

Branches:
Dungeon (4/15)
 Temple: D:4-7

Altars:
Makhleb
Nemelex Xobeh
Qazlal
Ru
Vehumet
Xom
The Shining One


Innate Abilities, Weirdness & Mutations

You are resistant to torment.
Your stone body is resilient (AC +4).
You are immune to poison.
You resist negative energy.
You are resistant to electric shocks.
You can survive without breathing.
You are immune to petrification.
You are immune to rotting.


Message History

You are too injured to fight recklessly!
You are too injured to fight recklessly!
You are too injured to fight recklessly!
You are too injured to fight recklessly!
You are too injured to fight recklessly!
You are too injured to fight recklessly!
You are too injured to fight recklessly!
You are too injured to fight recklessly!
You are too injured to fight recklessly!
You are too injured to fight recklessly!
You are too injured to fight recklessly!
You are too injured to fight recklessly!
You are too injured to fight recklessly!
You are too injured to fight recklessly!
You are too injured to fight recklessly!
You are too injured to fight recklessly!
You are too injured to fight recklessly!
You are feeling hungry.
The ogre hits you with a giant spiked club!!
You die...

.^....#.###
#.#####.######## #
...)..#.# #.# #.# ####
[.....#.######.### #.#
#...
......#..........# #.#
#.##
......#..#######.###.#
######.# ......#..#
#.....# #......#
......#..# #.#####
#>####.# ..#####..#
#O########(# #.## .##
##.# #@.........# #...
.# #.# #.########.#
#### .## #.#######.#
#.# ..# #.........#
#.# ..# ###########
###.#
..###############
##.).#
................#
#....#
..#############.#
###.#..## ..#
#.####)..#...#


You could see an ogre.

Vanquished Creatures
  A crimson imp (D:4)
  2 iguanas (D:4)
  3 worker ants (D:4)
  A howler monkey zombie (D:4)
  4 adders
  An ooze (D:4)
  4 worms
  A dart slug (D:2)
  A giant gecko (D:1)
  5 orcs (D:3)
  A ball python (D:1)
  3 giant cockroaches
  7 goblins
  6 hobgoblins
  4 jackals (D:2)
  7 kobolds
  2 quokkas
  12 bats
  7 giant newts
  9 rats
81 creatures vanquished.

Notes
Turn   | Place    | Note
--------------------------------------------------------------
     0 | D:1      | dobroeutro the Gargoyle Fighter began the quest for the Orb.
     0 | D:1      | Reached XP level 1. HP: 14/14 MP: 1/1
   155 | D:1      | Reached XP level 2. HP: 15/19 MP: 2/2
   606 | D:2      | Reached XP level 3. HP: 24/24 MP: 3/3
   935 | D:2      | Reached XP level 4. HP: 27/29 MP: 4/4
   985 | D:2      | Found a glowing golden altar of the Shining One.
  1083 | D:2      | Found a stormy altar of Qazlal.
  1086 | D:2      | Found a radiant altar of Vehumet.
  1089 | D:2      | Found a shimmering altar of Xom.
  1347 | D:3      | Found a sparkling altar of Nemelex Xobeh.
  1503 | D:3      | Found a sacrificial altar of Ru.
  1690 | D:3      | Reached XP level 5. HP: 33/33 MP: 5/5
  1706 | D:3      | Found a burning altar of Makhleb.
  2331 | D:4      | Reached XP level 6. HP: 31/39 MP: 6/6
  2532 | D:4      | Mangled by an ogre

Vault maps used:
D:1:      ncdulo_halloftheorcs
D:2:      tso_oasis_becter, grunt_temple_overflow_diamond
D:3:      lemuel_doored_altar, lemuel_round_altar, lemuel_crystal_altar,
          lemuel_flame_loot_1
D:4:      serial_glass, glass_columns_b, glass_columns_a, item_on_display_a,
          item_on_display_b, due_unseen_surprise, feat_on_display

Skill      XL: |  1  2  3  4  5 |
---------------+----------------+-----
Fighting       | 4 |  4.6
Shields        | 4 |  4.9
Armour         | 4 |  4.8
Maces & Flails | 3 |  3.5

Action                   |  1- 3 |  4- 6 || total
-------------------------+-------+-------++-------
Melee: Flail             |   164 |   286 ||   450
  Eat: Chunk             |     1 |     5 ||     6
Armor: Scale mail        |   120 |   157 ||   277
Dodge: Dodged            |    66 |   113 ||   179
Block: Shield            |   107 |   178 ||   285
